 Dungeon Crawl Stone Soup version 0.28.0-47-ge53b351184 (webtiles) character file.

Game seed: 7543173864931169708

72 GigaChad the Slasher (level 4, -12/41 HPs)
             Began as a Minotaur Chaos Knight on Apr 25, 2022.
             Was a Plaything of Xom.
             Engulfed by a fire crab (shapeshifter)'s flame (22 damage)
             ... on level 2 of the Dungeon.
             The game lasted 00:05:15 (1469 turns).

GigaChad the Slasher (Minotaur Chaos Knight)        Turns: 1469, Time: 00:05:17

Health: -12/41     AC:  5    Str: 17    XL:     4   Next: 7%
Magic:  3/3        EV: 11    Int:  9    God:    Xom [...*..]
Gold:   102        SH:  0    Dex: 11    Spells: 3/3 levels left

rFire   . . .      SeeInvis .   a - +0 falchion (chaos)
rCold   . . .      Faith    .   (no shield)
rNeg    . . .      Spirit   .   b - +2 leather armour
rPois   .          Reflect  .   (helmet restricted)
rElec   .          Harm     .   (no cloak)
rCorr   .          Rampage  .   (no gloves)
Will    .....                   (no boots)
Stlth   +.........              (no amulet)
HPRegen 0.13/turn               (no ring)
MPRegen 0.08/turn               (no ring)

@: no status effects
A: horns 2, retaliatory headbutt
a: Renounce Religion


You were on level 2 of the Dungeon.
You worshipped Xom.
You were a favourite toy of Xom.
You visited 1 branch of the dungeon, and saw 2 of its levels.

You collected 102 gold pieces.

Inventory:

Hand Weapons
 a - a +0 falchion of chaos (weapon)
Missiles
 g - 16 bolts
 h - a javelin (quivered)
Armour
 b - a +2 leather armour (worn)
Scrolls
 d - a scroll of vulnerability
Potions
 c - a potion of curing {unknown}
 e - a potion of resistance {unknown}
 f - 2 potions of lignification {unknown}


   Skills:
 + Level 4.3 Fighting
 + Level 4.8 Long Blades
 + Level 3.5 Armour
 + Level 1.1 Dodging


You had 3 spell levels left.
You didn't know any spells.
Your spell library contained the following spells:

 Spells                   Type           Power      Damage    Failure   Level
 Ensorcelled Hibernation  Hex/Ice        0%         N/A       58%         2
 Passwall                 Tmut/Erth      0%         N/A       58%         2
 Swiftness                Air            0%         N/A       82%         3


Dungeon Overview and Level Annotations

Branches:
Dungeon (2/15)

Altars:
Xom

Shops:
D:2 =


Innate Abilities, Weirdness & Mutations

You have a pair of horns on your head.
You reflexively headbutt those who attack you in melee.


Message History

You swap places.
You see here a worm corpse.
There is an open door here.
Your chaos spawn degenerates into a cloud of primal chaos!
A rat comes into view.
Found a rapier.
The rat barely misses you. The rat barely misses you.
You barely miss the rat. You headbutt the rat.
The rat is heavily wounded. "Hum-dee-hum-dee-hum..."
The rat changes into a shapeshifter!
The shapeshifter changes into a fire crab!
You hit the fire crab but do no damage.
The fire crab is lightly wounded.
The fire crab closely misses you. You furiously retaliate!
You headbutt the fire crab. The fire crab barely misses you.
You barely miss the fire crab.
You headbutt the fire crab, but do no damage.
The fire crab is moderately wounded.
The fire crab barely misses you. You furiously retaliate!
You headbutt the fire crab, but do no damage.
The fire crab barely misses you.
You hit the fire crab but do no damage.
The fire crab is moderately wounded.
The fire crab breathes flames at you. The blast of flame engulfs you.
You hit the fire crab. You freeze the fire crab.
The fire crab is moderately wounded.
You are engulfed in blazing flames.
Ouch! That really hurt!
The fire crab breathes flames at you. The blast of flame engulfs you.
* * * LOW HITPOINT WARNING * * *
You hit the fire crab but do no damage.
The fire crab is moderately wounded.
You are engulfed in blazing flames.
Ouch! That really hurt!
You die...
Xom guffaws!

#......######....# .....
#..###.# .....# ..... #..#
#.### .##...# .....
#..###... . #...# ..
#......## # #...# #.
#.###.#### ###°..#########
#. #.#.....<#
#°°...........# #.
#.#.#.######°###########.#
#. #.#.#.# #°°°@t°°#
#.###. #.#.#.#########°#
#..... #...#......... ..
###### ############.# .# #


You could see a fire crab shaped shifter.

Vanquished Creatures
  5 adders (D:2)
  2 worms (D:2)
  An orc (D:2)
  2 ball pythons
  An endoplasm (D:2)
  2 giant cockroaches (D:1)
  A goblin (D:2)
  A hobgoblin (D:2)
  2 bats (D:1)
  2 frilled lizards (D:2)
  2 kobolds
  A rat (D:2)
22 creatures vanquished.

Vanquished Creatures (collateral kills)
  A giant cockroach (D:2)
1 creature vanquished.

Grand Total: 23 creatures vanquished

Notes
Turn   | Place    | Note
-------+----------+-------------------------------------------
     0 | D:1      | GigaChad the Minotaur Chaos Knight began the quest for the
                  | Orb.
     0 | D:1      | Reached XP level 1. HP: 19/19 MP: 0/0
     1 | D:1      | XOM: silly message
    75 | D:1      | Found a faded altar of an unknown god.
   243 | D:1      | XOM is BORED!
   243 | D:1      | XOM: draining
   593 | D:1      | XOM: scenery: create altars
   721 | D:2      | XOM: snakes to sticks
   743 | D:2      | XOM: butterfly on damage
   745 | D:2      | Reached XP level 2. HP: 19/27 MP: 1/1
   934 | D:2      | Found Keveskant's Jewellery Shop.
   941 | D:2      | Reached XP level 3. HP: 24/33 MP: 2/2
  1297 | D:2      | XOM: summons friendly chaos spawn
  1301 | D:2      | Reached XP level 4. HP: 27/41 MP: 3/3
  1464 | D:2      | Noticed a shapeshifter
  1464 | D:2      | a rat changed into a shapeshifter
  1464 | D:2      | XOM: polymorph rat -> shapeshifter
  1464 | D:2      | Noticed a fire crab
  1464 | D:2      | a shapeshifter changed into a fire crab
  1469 | D:2      | Engulfed by a fire crab (shapeshifter)'s flame

Illustrated notes

Levels and vault maps discovered:
D:1:      zaba_arrival_water, layout_loops_ring,
          chequers_ecumenical_altar_simple
D:2:      minmay_razor_zed, layout_basic, serial_shops, nicolae_shop_waterfront

Skill      XL: |  1  2 |
---------------+-------+-----
Long Blades    | 4 |  4.8
Armour         | 3 |  3.5
Fighting       | 4 |  4.3
Dodging        | |  1.1

Action                   |  1- 3 |  4- 6 || total
-------------------------+-------+-------++-------
Melee: Falchion          |    47 |     7 ||    54
       Headbutt          |     5 |     2 ||     7
  Use: Scroll            |     1 |       ||     1
Armor: Leather armour    |    18 |     1 ||    19
Dodge: Dodged            |    42 |     7 ||    49
